 Dungeon Crawl Stone Soup version 0.30-a0-360-g447f08457e (webtiles) character file.

Game seed: 5312528392336024463

87 arthad the Grave Robber (level 4, -2/21 HPs)
             Began as a Vine Stalker Necromancer on Nov 13, 2022.
             Frozen to death by an endoplasm (5 damage)
             ... on level 3 of the Dungeon.
             The game lasted 00:05:04 (2287 turns).

arthad the Grave Robber (Vine Stalker Necromancer)  Turns: 2287, Time: 00:05:06

Health: -2/21      AC:  3    Str: 11    XL:     4   Next: 51%
Magic:  0/9        EV: 12    Int: 17    God:
Gold:   136        SH:  0    Dex: 14    Spells: 5/9 levels left

rFire   . . .      SeeInvis .    i - +0 quarterstaff (drain)
rCold   . . .      Faith    .    (shield currently unavailable)
rNeg    . . .      Spirit   +    a - +0 robe
rPois   .          Reflect  .    (no helmet)
rElec   .          Harm     .    (no cloak)
rCorr   .          Rampage  .    f - +0 pair of gloves
Will    .....                    (no boots)
Stlth   ++........               (no amulet)
HPRegen 1.03/turn                (no ring)
MPRegen 0.11/turn                (no ring)

@: very slightly contaminated
A: fangs 2, regeneration 1, magic shield, antimagic bite, no potion heal 2
a: no special abilities


You were on level 3 of the Dungeon.
You visited 1 branch of the dungeon, and saw 3 of its levels.

You collected 136 gold pieces.

Inventory:

Hand Weapons
 i - a +0 quarterstaff of draining (weapon)
Armour
 a - a +0 robe (worn)
 f - a +0 pair of gloves (worn)
 h - a +0 buckler
Magical Staves
 j - a staff of earth
Wands
 l - a wand of polymorph (6)
Scrolls
 d - 2 scrolls of vulnerability {unknown}
 e - 2 scrolls of blinking {unknown}
 g - a scroll of magic mapping {unknown}
 k - a scroll of enchant weapon {unknown}
 m - a scroll of immolation {unknown}
Potions
 b - 2 potions of magic
 c - a potion of curing {unknown}


   Skills:
 + Level 0.2 Fighting
 + Level 0.3 Staves
 + Level 2.2 Dodging
 + Level 3.4 Stealth
 * Level 3.0 Spellcasting
 * Level 4.4 Necromancy


You had 5 spell levels left.
You knew the following spells:

 Your Spells              Type           Power      Damage    Failure   Level
a - Necrotise             Necr           68%        1d7       2%          1
b - Vampiric Draining     Necr           17%        2d7       9%          3

Your spell library contained the following spells:

 Spells                   Type           Power      Damage    Failure   Level
 Apportation              Tloc           4%         N/A       17%         1
 Summon Small Mammal      Summ           8%         N/A       17%         1
 Animate Dead             Necr           17%        N/A       26%         4
 Ignite Poison            Fire/Tmut/Pois 2%         N/A       45%         3
 Kindle Blastsparks       Fire/Tloc/Air  4%         2d10      45%         3
 Agony                    Necr           17%        N/A       58%         5
 Freezing Cloud           Conj/Ice/Air   1%         6-21      99%         5


Dungeon Overview and Level Annotations

Branches:
Dungeon (3/15)

Altars:


Innate Abilities, Weirdness & Mutations

You have extremely sharp teeth.
Your natural rate of healing is unusually fast.
When hurt, damage is shared between your health and your magic reserves.
Your bite disrupts and absorbs the magic of your enemies.
Potions cannot restore your health.


Message History

Unknown command.
Aiming: Necrotise (safe; 2% risk of failure)
Press: ? - help, Q - select action, (/) - cycle Shift-Dir - straight line, f/p - gnoll
Aim: a gnoll, wielding a +0 spear (lightly wounded, chance to affect: 81%)
The gnoll barely resists.
Your gnoll skeleton closely misses the gnoll.
The gnoll barely misses you.
The hobgoblin hits you but does no damage.
The gnoll misses you. The endoplasm hits your gnoll skeleton.
Unknown command.
Aiming: Necrotise (safe; 2% risk of failure)
Press: ? - help, Q - select action, (/) - cycle Shift-Dir - straight line, f/p - gnoll
Aim: a gnoll, wielding a +0 spear (lightly wounded, chance to affect: 81%)
The gnoll barely resists.
The gnoll hits you from afar with a +0 spear.
The gnoll barely misses you. The gnoll hits you with a +0 flail.
The endoplasm hits you. The hobgoblin hits you.
An orc comes into view. It is wielding a +3 trident.
Unknown command.
Aiming: Necrotise (safe; 2% risk of failure)
Press: ? - help, Q - select action, (/) - cycle Shift-Dir - straight line, f/p - gnoll
Aim: a gnoll, wielding a +0 spear (lightly wounded, chance to affect: 81%)
The gnoll writhes in agony!
The gnoll barely misses you. The gnoll hits you with a +0 flail.
The endoplasm closely misses you. The gnoll barely misses you.
The hobgoblin hits you.
Your gnoll skeleton barely misses the gnoll.
Aiming: Necrotise (safe; 2% risk of failure)
Press: ? - help, Q - select action, (/) - cycle Shift-Dir - straight line, f/p - gnoll
Aim: a gnoll, wielding a +0 spear (severely wounded, chance to affect: 81%)
The gnoll writhes in agony.
The gnoll hits you with a +0 whip.
An orc comes into view. It is wielding a +0 short sword.
The gnoll closely misses you.
The gnoll hits you from afar with a +0 spear.
* * * LOW HITPOINT WARNING * * *
The hobgoblin barely misses you. The endoplasm freezes you.
You are frozen.
You die...

#. ........## ...#
##........o ....##.......$##
................
#...........:.# #
#.....g.Z......
#..#.....Jgg....o.
#..#......@g....).
##..#.......J......
#.....#...##.....#.
#........## ####..#
#...).....### #..#
#.........#.## #..#
#.........#..###..# .#
#####.#...#...##..#######..#
#.#...#.................


You could see 3 gnolls, 2 orcs, 2 endoplasms, a hobgoblin and a friendly gnoll
skeleton.

Vanquished Creatures
  A gnoll (D:3)
  3 adders
  A worm (D:2)
  2 dart slugs (D:1)
  4 endoplasms
  3 giant cockroaches
  7 goblins
  2 hobgoblins (D:2)
  5 jackals
  4 ball pythons
  A bat (D:1)
  2 frilled lizards
  4 kobolds
  2 rats (D:1)
41 creatures vanquished.

Vanquished Creatures (collateral kills)
  An endoplasm (D:1)
1 creature vanquished.

Grand Total: 42 creatures vanquished

Notes
Turn   | Place    | Note
-------+----------+-------------------------------------------
     0 | D:1      | arthad the Vine Stalker Necromancer began the quest for the
                  | Orb.
     0 | D:1      | Reached XP level 1. HP: 9/9 MP: 4/4
   266 | D:1      | Reached XP level 2. HP: 13/13 MP: 3/6
   916 | D:1      | Reached XP level 3. HP: 16/16 MP: 5/7
  1151 | D:2      | Learned a level 3 spell: Vampiric Draining
  1531 | D:2      | Found a faded altar of an unknown god.
  2019 | D:3      | Gained mutation: Your natural rate of healing is unusually
                  | fast. [Vine Stalker growth]
  2019 | D:3      | Reached XP level 4. HP: 21/21 MP: 6/9
  2287 | D:3      | Frozen to death by an endoplasm

Illustrated notes

Levels and vault maps discovered:
D:1:      lightli_iron_boxes, layout_loops_ring, fountainhead
D:2:      layout_basic, ebering_ecumenical_altar_sacrificial,
          corexii_leaking_fountain
D:3:      layout_rooms, mainiacjoe_overflow_alcove_4,
          hangedman_decor_peaks_small, grunt_decor_mini_mirrors

Skill      XL: |  1  2  3  4 |
---------------+-------------+-----
Stealth        | 3 |  3.4
Dodging        | 2 |  2.2
Spellcasting   | 3 |  3.0
Fighting       | |  0.2
Staves         | |  0.3
Necromancy     | |  4.4

Action                   |  1- 3 |  4- 6 || total
-------------------------+-------+-------++-------
Melee: Bite              |     1 |     1 ||     2
       Unarmed           |     1 |       ||     1
       Quarterstaff      |       |     1 ||     1
 Cast: Necrotise         |    58 |    24 ||    82
Armor: Robe              |     2 |     5 ||     7
Dodge: Dodged            |     5 |    11 ||    16

Table legend: (Time is in decaauts)
 A = Elapsed time spent in this place.
 B = Non-inter-level travel time spent in this place.
 C = Inter-level travel time spent in this place.
 D = Time resting spent in this place.
 E = Time spent auto-exploring this place.
 F = Levels seen in this place.
 G = Mean time per level.
                   A        B        C        D        E       F      G
               +--------+--------+--------+--------+--------+-----+--------+
         Total |   2286 |   2205 |     81 |     45 |   1931 |   3 |  762.0 |
       Dungeon |   2286 |   2205 |     81 |     45 |   1931 |   3 |  762.0 |
               +--------+--------+--------+--------+--------+-----+--------+

Top non-repeatable levels by time:
     D:1: 1086 daAuts
     D:2: 929 daAuts
     D:3: 271 daAuts
